 Dungeon Sprint DCSS version 0.29-a0-757-g358383bc75 (webtiles) character file.

Game seed: 7408860360533202219

106761 wilfster70 the End of an Era (level 16, -10/157 HPs)
             Began as a Merfolk Fighter on June 30, 2022.
             Was the Champion of Qazlal.
             Mangled by an Orb Guardian (12 damage)
             ... in the Dungeon (Sprint V: "Ziggurat Sprint").
             The game lasted 00:13:30 (2475 turns).

wilfster70 the End of an Era (Merfolk Fighter)      Turns: 2475, Time: 00:13:31

Health: -10/157    AC: 44    Str: 28    XL:     16   Next: 45%
Magic:  28/32      EV: 15    Int:  9    God:    Qazlal [******]
Gold:   0          SH: 43    Dex: 24    Spells: 15/15 levels left

rFire   + + +      SeeInvis +   a - +13 lance "Wyrmbane" {slay drac, rPois rF+ rC+ AC+3}
rCold   + + +      Faith    .   c - +18 shield of the Gong {rElec rN+ Will+ EV-5}
rNeg    + + .      Spirit   .   b - +12 gold dragon scales
rPois   +          Reflect  .   C - +2 helmet {SInv}
rElec   +          Harm     .   (no cloak)
rCorr   .          Rampage  .   B - +0 pair of fencer's gloves {Riposte Dex+3}
Will    +++++      Clarity  +   (no boots)
Stlth   .......... NoTele   +   A - amulet of the Four Winds {rN+ Will+++ Clar}
HPRegen 0.36/turn               p - +6 ring of strength
MPRegen 0.23/turn               x - ring of Janycig {rF+ rC++ Dex+7 Slay+2}

@: protected from physical damage, studying Throwing, repel missiles
A: (nimble swimmer 2), mertail
a: Renounce Religion, Upheaval, Elemental Force, Disaster Area


You were in the Dungeon.
You worshipped Qazlal.
Qazlal was exalted by your worship.
You visited 1 branch

Inventory:

Hand Weapons
 a - the +13 lance "Wyrmbane" (weapon) {slay drac, rPois rF+ rC+ AC+3}
   (You found it in the Dungeon)

   It inflicts extra damage against dragons and draconians.
   AC:        It affects your AC (+3).
   rF:        It protects you from fire.
   rC:        It protects you from cold.
   rPois:     It protects you from poison.
Armour
 b - +12 gold dragon scales (worn)
 c - the +18 shield of the Gong (worn) {rElec rN+ Will+ EV-5}
   (You found it in the Dungeon)

   It is deafeningly noisy when blocking attacks.
   EV:        It affects your evasion (-5).
   rElec:     It insulates you from electricity.
   rN:        It protects you from negative energy.
   Will:      It increases your willpower.
 B - the +0 pair of fencer's gloves (worn) {Riposte Dex+3}
   (You found it in the Dungeon)

   It allows the wearer to riposte with melee weapons, swiftly retaliating
   against missed or blocked attacks.
   Dex:       It affects your dexterity (+3).
 C - a +2 helmet of see invisible (worn)
Jewellery
 p - a +6 ring of strength (left hand)
 x - the ring of Janycig (right hand) {rF+ rC++ Dex+7 Slay+2}
   (You found it in the Dungeon)

   [ring of protection from fire]

   Dex:       It affects your dexterity (+7).
   Slay:      It affects your accuracy & damage with ranged weapons and melee
   (+2).
   rF:        It protects you from fire.
   rC:        It greatly protects you from cold.
 A - the amulet of the Four Winds (around neck) {rN+ Will+++ Clar}
   (You found it in the Dungeon)

   [amulet of nothing]

   rN:        It protects you from negative energy.
   Clar:      It protects you against confusion.
   Will:      It greatly increases your willpower.
 E - an amulet of faith
Wands
 k - a wand of mindburst (7)
 l - a wand of iceblast (7)
 m - a wand of acid (7)
Scrolls
 j - 4 scrolls of blinking
 n - 4 scrolls of amnesia
 o - 7 scrolls of fog
 r - 5 scrolls of identify
 s - a scroll of fear
 y - a scroll of brand weapon
 z - 4 scrolls of enchant weapon
 D - 4 scrolls of enchant armour
Potions
 d - 8 potions of might
 e - 10 potions of curing
 f - 13 potions of heal wounds
 g - 14 potions of haste
 h - 5 potions of magic
 i - 3 potions of berserk rage
 t - 2 potions of brilliance
 u - 2 potions of invisibility
 v - 4 potions of resistance
Miscellaneous
 q - a condenser vane
 w - a tin of tremorstones (2/2)


   Skills:
 + Level 23.1 Fighting
 - Level 12.0 Polearms
 + Level 16.8 Armour
 - Level 23.5 Dodging
 - Level 19.0 Shields
 * Level 24.9 Invocations
 + Level 17.4 Evocations


You had 15 spell levels left.
You didn't know any spells.
Your spell library contained the following spells:

 Spells                   Type           Power      Damage    Failure   Level
 Apportation              Tloc           0%         N/A       100%        1
 Magic Dart               Conj           0%         1d3       100%        1
 Necrotize                Necr           0%         1d4       100%        1
 Shock                    Conj/Air       0%         1d3       100%        1
 Summon Small Mammal      Summ           0%         N/A       100%        1
 Call Imp                 Summ           0%         N/A       100%        2
 Ensorcelled Hibernation  Hex/Ice        0%         N/A       100%        2
 Passwall                 Tmut/Erth      0%         N/A       100%        2
 Scorch                   Fire           0%         2d5       100%        2
 Conjure Flame            Conj/Fire      0%         6-21      100%        3
 Dazzling Flash           Conj/Hex       0%         N/A       100%        3
 Gell's Gravitas          Tloc           0%         N/A       100%        3
 Ignite Poison            Fire/Tmut/Pois 0%         N/A       100%        3
 Inner Flame              Hex/Fire       0%         N/A       100%        3
 Mephitic Cloud           Conj/Pois/Air  0%         N/A       100%        3
 Ozocubu's Armour         Ice            0%         N/A       100%        3
 Swiftness                Air            0%         N/A       100%        3
 Teleport Other           Tloc           0%         N/A       100%        3
 Airstrike                Air            0%         N/A       100%        4
 Corpse Rot               Necr/Pois/Air  0%         N/A       100%        4
 Flame Wave               Conj/Fire      0%         2d4       100%        4
 Hailstorm                Conj/Ice       0%         3d3       100%        4
 Ice Form                 Ice/Tmut       0%         N/A       100%        4
 Leda's Liquefaction      Hex/Erth       0%         N/A       100%        4
 Sticky Flame             Conj/Fire      0%         2d3       100%        4
 Summon Ice Beast         Ice/Summ       0%         N/A       100%        4
 Alistair's Intoxication  Tmut/Pois      0%         N/A       100%        5
 Borgnjor's Vile Clutch   Necr/Erth      0%         N/A       100%        5
 Freezing Cloud           Conj/Ice/Air   0%         6-21      100%        5
 Irradiate                Conj/Tmut      0%         3d13      100%        5
 Lee's Rapid Deconstruct  Erth           0%         3d5*      100%        5
 Metabolic Englaciation   Hex/Ice        0%         N/A       100%        5
 Summon Mana Viper        Hex/Summ       0%         N/A       100%        5
 Conjure Ball Lightning   Conj/Air       0%         3x3d6     100%        6
 Dispersal                Tloc           0%         N/A       100%        6
 Eringya's Noxious Bog    Tmut/Pois      0%         N/A       100%        6
 Iron Shot                Conj/Erth      0%         9d1       100%        6
 Simulacrum               Ice/Necr       0%         N/A       100%        6
 Statue Form              Tmut/Erth      0%         N/A       100%        6
 Haunt                    Necr/Summ      0%         N/A       100%        7
 Monstrous Menagerie      Summ           0%         N/A       100%        7
 Ozocubu's Refrigeration  Ice            0%         4d5       100%        7
 Borgnjor's Revivificati  Necr           0%         N/A       100%        8
 Discord                  Hex            0%         N/A       100%        8
 Disjunction              Tloc           0%         N/A       100%        8
 Necromutation            Tmut/Necr      0%         N/A       100%        8
 Death's Door             Necr           0%         N/A       100%        9
 Polar Vortex             Ice            0%         N/A       100%        9
 Shatter                  Erth           0%         3d5*      100%        9


Dungeon Overview and Level Annotations

Branches:
Dungeon (1/1)

Altars:
Ashenzari
Cheibriados
Dithmenos
Elyvilon
Fedhas
Gozag
Hepliaklqana
Kikubaaqudgha
Makhleb
Nemelex Xobeh
Okawaru
Qazlal
Ru
Sif Muna
Trog
Uskayaw
Vehumet
Wu Jian
Xom
Yredelemnul
Zin
The Shining One
Beogh
Jiyva
Lugonu


Innate Abilities, Weirdness & Mutations

((You are very nimble when in or above water. (Stealth+, EV+, Speed+++)))
Your lower body shifts to a powerful aquatic tail in water.


Message History

The storm dragon barely misses you.
The storm dragon tramples you but does no damage.
The black draconian is engulfed in freezing vapours.
The black draconian seems to slow down.
You block the black draconian's attack.
GONNNNG!
You riposte.
You impale the black draconian!!
The black draconian convulses!
The black draconian is moderately wounded.
The golden dragon is engulfed in blazing flames.
The golden dragon bites you!
* * * LOW HITPOINT WARNING * * *
You feel more protected from physical attacks.
The golden dragon claws you but does no damage.
You block the golden dragon's attack.
GONNNNG!
The Orb Guardian barely misses you. The purple draconian barely misses you.
You feel much better.
You block the black draconian knight's attack.
BOUMMMMG!
You riposte.
You puncture the black draconian knight!
The black draconian knight convulses.
The black draconian knight is lightly wounded.
You block the storm dragon's attack.
SHROANNG!
You riposte.
You puncture the storm dragon!
The storm dragon convulses!
The storm dragon is heavily wounded.
You block the storm dragon's attack.
SHROANNG!
The storm dragon barely misses you.
The golden dragon is engulfed in blazing flames.
The golden dragon bites you!!
* * * LOW HITPOINT WARNING * * *
You feel more protected from physical attacks.
You block the golden dragon's attack.
BONNNG!
You block the golden dragon's attack.
GONNNNG!
The purple draconian hits you but does no damage.
The Orb Guardian hits you!
You die...

▓..... ▓....)|[|:[≈.
▓..... ▓....)...)).≈
▓..▓.. ▓.....≈≈.....
▓.▓▓▓.
▓≈.≈..)..≈......▓..▓..
▓....d.)d.......▓.....
▓...☼dd.........▓.....
▓...XDq○........▓▓▓▓▓▓
▓...°@D☼.≈......
▓...d.d°........
▓...§§§§........
▓≈..≈...........
▓.......©.......
▓▓▓▓▓▓▓▓▓▓▓▓▓▓▓▓


You could see a black draconian knight (fast, invisible), a golden dragon
(berserk), a storm dragon (berserk), a black draconian (berserk, slow), 2
draconians, 2 draconians, a white draconian and an Orb Guardian.

Vanquished Creatures
  A pandemonium lord (D)
  7 Orb Guardians (D)
  6 deep elf master archers (D)
  3 deep elf blademasters (D)
  A quicksilver dragon (D)
  A rockslime (D)
  2 shadow dragons (D)
  2 azure jellies (D)
  A storm dragon (D)
  5 deep elf sorcerers (D)
  A frost giant (D)
  A ghost moth (D)
  A demonspawn corrupter (D)
  4 stone giants (D)
  3 green draconians (D)
  2 black draconians (D)
  A yellow draconian (D)
  2 deep elf annihilators (D)
  2 red draconians (D)
  5 blizzard demons (D)
  4 merfolk javelineers (D)
  4 merfolk impalers (D)
  A deep elf high priest (D)
  An ice dragon (D)
  2 yaktaur captains (D)
  14 vault guards (D)
  A merfolk avatar (D)
  A centaur warrior (D)
  3 merfolk aquamancers (D)
  8 dancing weapons (D)
  Erica (D)
  A satyr (D)
  2 hell hogs (D)
  4 naga warriors (D)
  5 deep elf knights (D)
  4 deep elf archers (D)
  A harpy (D)
  A mana viper (shapeshifter) (D)
  13 deep elf pyromancers (D)
  10 deep elf zephyrmancers (D)
  A cyclops (D)
  A moth of wrath (D)
  3 manticores (D)
  A merfolk siren (D)
  A water nymph (D)
  A black mamba (D)
  2 eyes of devastation (D)
  A hellion (D)
  A naga mage (D)
  An orange demon (D)
  4 toenail golems (D)
  A freezing wraith (D)
  A rime drake (D)
  5 yaktaurs (D)
  2 ice devils (D)
  2 merfolk (D)
  7 slime creatures (D)
  3 snapping turtles (D)
  Sigmund (D)
  4 air elementals (D)
  3 water elementals (D)
  2 ynoxinuls (D)
  4 fire elementals (D)
  2 golden eyes (D)
  2 chaos spawn (D)
  Edmund (D)
  A water moccasin (D)
  2 nagas (D)
  Duvessa (D)
  A hell hound (D)
  An ice beast (D)
  5 centaurs (D)
  2 phantoms (D)
  Blork the orc (D)
  Dowan (D)
  A crimson imp (D)
  A quasit (D)
  Crazy Yiuf (D)
  3 jellies (D)
  Jessica (D)
  2 mummies (D)
  4 adders (D)
  A white imp (D)
  2 adder zombies (D)
  A bat zombie (D)
  4 endoplasms (D)
  A ball python simulacrum (D)
  2 giant cockroach simulacra (D)
  A quokka simulacrum (D)
  2 fire vortices (D)
231 creatures vanquished.

Vanquished Creatures (collateral kills)
  A jelly (D)
  An endoplasm (D)
2 creatures vanquished.

Grand Total: 233 creatures vanquished

Notes
Turn   | Place    | Note
-------+----------+-------------------------------------------
     0 | D        | wilfster70 the Merfolk Fighter began the quest for the Orb.
     0 | D        | Reached XP level 1. HP: 18/18 MP: 1/1
    15 | D        | Found a blossoming altar of Fedhas.
    15 | D        | Found the +6 Majin-Bo {vamp, MP+6 Int+6}
    15 | D        | Found the +9 heavy crossbow "Sniper" {vorpal, Acc+∞ SInv}
    15 | D        | Found the +10 dark maul {vorpal}
    15 | D        | Found the +15 Maxwell's patent armour {-Cast -Tele rElec
                  | Will+ rCorr}
    15 | D        | Found the +18 shield of the Gong {rElec rN+ Will+ EV-5}
    15 | D        | Found the +14 obsidian axe {vorpal, Mesm Drain Fly SInv}
    15 | D        | Found the +7 great mace "Firestarter" {inner flame, rF++}
    15 | D        | Found the +6 shillelagh "Devastator" {shatter}
    15 | D        | Found the +11 plutonium sword {Contam Stlth-}
    15 | D        | Found the +8 lance "Wyrmbane" {slay drac, rPois rF+ rC+
                  | AC+3}
    15 | D        | Found the +9 sword of Zonguldrok {reap}
    15 | D        | Found the +13 scythe of Curses {drain, Drain}
    15 | D        | Found the +5 sword of Power {vorpal}
    15 | D        | Found the +7 mace of Variability {chain chaos}
    15 | D        | Found the +7 Singing Sword {vorpal, sonic wave}
    15 | D        | Found the +8 storm bow {elec, penet}
    16 | D        | Found a viscous altar of Jiyva.
    16 | D        | Found a transporter.
    16 | D        | Found a hazy altar of Hepliaklqana.
    16 | D        | Found an ancient bone altar of Kikubaaqudgha.
    16 | D        | Found an opulent altar of Gozag.
    16 | D        | Found a corrupted altar of Lugonu.
    18 | D        | Found a burning altar of Makhleb.
    19 | D        | Found a sacrificial altar of Ru.
    19 | D        | Found a stormy altar of Qazlal.
    19 | D        | Found a shimmering blue altar of Sif Muna.
    19 | D        | Found an iron altar of Okawaru.
    19 | D        | Found a bloodstained altar of Trog.
    19 | D        | Found a sparkling altar of Nemelex Xobeh.
    67 | D        | Became a worshipper of Qazlal Stormbringer
    82 | D        | Reached skill level 3 in Invocations
    82 | D        | Reached XP level 2. HP: 26/26 MP: 1/4
   123 | D        | Entered arena 2.
   123 | D        | Noticed a crimson imp
   123 | D        | Found a transporter.
   131 | D        | Reached skill level 5 in Fighting
   131 | D        | Reached skill level 5 in Polearms
   131 | D        | Reached XP level 3. HP: 30/33 MP: 5/5
   133 | D        | Reached XP level 4. HP: 36/39 MP: 6/6
   157 | D        | Entered arena 3.
   157 | D        | Noticed a phantom
   157 | D        | Noticed a phantom
   157 | D        | Found a transporter.
   162 | D        | Killed a phantom
   162 | D        | Reached * piety under Qazlal
   163 | D        | Reached skill level 5 in Dodging
   163 | D        | Reached skill level 5 in Shields
   163 | D        | Reached skill level 4 in Invocations
   163 | D        | Reached XP level 5. HP: 46/46 MP: 6/8
   165 | D        | Killed a phantom
   166 | D        | Reached skill level 5 in Invocations
   166 | D        | Reached XP level 6. HP: 53/53 MP: 6/9
   295 | D        | Entered arena 4.
   295 | D        | Found a transporter.
   297 | D        | Reached ** piety under Qazlal
   323 | D        | Entered arena 5.
   323 | D        | Noticed a toenail golem
   323 | D        | Noticed a toenail golem
   323 | D        | Noticed a toenail golem
   323 | D        | Noticed a toenail golem
   323 | D        | Found a transporter.
   332 | D        | Killed a toenail golem
   332 | D        | Reached *** piety under Qazlal
   333 | D        | Reached skill level 10 in Polearms
   333 | D        | Reached skill level 5 in Armour
   333 | D        | Reached skill level 6 in Invocations
   333 | D        | Reached XP level 7. HP: 56/60 MP: 9/11
   342 | D        | Killed a toenail golem
   343 | D        | Reached skill level 7 in Invocations
   343 | D        | Reached XP level 8. HP: 58/68 MP: 9/13
   348 | D        | Killed a toenail golem
   353 | D        | Killed a toenail golem
   353 | D        | Reached **** piety under Qazlal
   354 | D        | Reached skill level 8 in Invocations
   361 | D        | Got the ring of Janycig {rF+ rC++ Dex+7 Slay+2}
   397 | D        | Entered arena 6.
   397 | D        | Found the +7 Spriggan's Knife {stab, EV+4 Stlth+}
   397 | D        | Noticed a slime creature
   397 | D        | Found a transporter.
   409 | D        | Killed a slime creature
   410 | D        | Reached skill level 10 in Dodging
   410 | D        | Reached XP level 9. HP: 78/78 MP: 10/15
   415 | D        | Got the Volume of Confrontation and Execration
   449 | D        | Entered arena 7.
   449 | D        | Noticed a deep elf zephyrmancer
   449 | D        | Noticed a mana viper
   449 | D        | Noticed a deep elf sorcerer
   449 | D        | Noticed a deep elf pyromancer
   449 | D        | Noticed a +0 flail of holy wrath
   450 | D        | Found a transporter.
   452 | D        | Reached ***** piety under Qazlal
   453 | D        | Reached skill level 10 in Fighting
   456 | D        | Killed a +0 flail of holy wrath
   457 | D        | Reached skill level 9 in Invocations
   465 | D        | Killed a mana viper
   465 | D        | Killed a deep elf pyromancer
   466 | D        | Reached skill level 10 in Invocations
   466 | D        | Reached XP level 10. HP: 63/88 MP: 13/17
   473 | D        | Killed a deep elf sorcerer
   474 | D        | Reached skill level 10 in Shields
   475 | D        | Killed a deep elf zephyrmancer
   476 | D        | Reached skill level 11 in Invocations
   585 | D        | Entered arena 8.
   585 | D        | Noticed a hell hog
   585 | D        | Noticed a hell hog
   586 | D        | Found a transporter.
   587 | D        | Killed a hell hog
   589 | D        | Killed a hell hog
   595 | D        | Got the ring of Siuluidgh {rC+ rN+}
   642 | D        | Entered arena 9.
   642 | D        | Found the +4 skin of Zhor {*Englaciate rC+++ SInv}
   642 | D        | Noticed a +4 hand axe of freezing
   642 | D        | Noticed a deep elf pyromancer
   642 | D        | Noticed a +5 dire flail of protection
   642 | D        | Noticed a deep elf knight
   642 | D        | Noticed a deep elf pyromancer
   644 | D        | Killed a +5 dire flail of protection
   644 | D        | Reached ****** piety under Qazlal
   645 | D        | Reached skill level 12 in Invocations
   645 | D        | Reached XP level 11. HP: 98/98 MP: 10/20
   645 | D        | Killed a +4 hand axe of freezing
   645 | D        | Killed a deep elf pyromancer
   645 | D        | Killed a deep elf knight
   646 | D        | Killed a deep elf pyromancer
   648 | D        | Found a transporter.
   751 | D        | Entered arena 10.
   751 | D        | Noticed Sigmund
   751 | D        | Noticed Jessica
   751 | D        | Noticed Blork the orc
   751 | D        | Noticed Crazy Yiuf
   751 | D        | Noticed Dowan
   751 | D        | Noticed Duvessa
   751 | D        | Noticed Edmund
   751 | D        | Noticed Erica
   752 | D        | Killed Jessica
   752 | D        | Killed Crazy Yiuf
   752 | D        | Killed Duvessa
   752 | D        | Killed Edmund
   752 | D        | Killed Dowan
   753 | D        | Reached skill level 15 in Dodging
   753 | D        | Found a transporter.
   758 | D        | Killed Sigmund
   761 | D        | Killed Blork the orc
   762 | D        | Killed Erica
   763 | D        | Reached skill level 13 in Invocations
   790 | D        | Entered arena 11.
   790 | D        | Found the +0 pair of fencer's gloves {Riposte Dex+3}
   790 | D        | Noticed a deep elf zephyrmancer
   790 | D        | Noticed a +0 vorpal dire flail
   790 | D        | Noticed a deep elf pyromancer
   790 | D        | Noticed a deep elf zephyrmancer
   790 | D        | Noticed a deep elf zephyrmancer
   790 | D        | Noticed a deep elf pyromancer
   791 | D        | Killed a deep elf zephyrmancer
   791 | D        | Killed a deep elf zephyrmancer
   791 | D        | Killed a deep elf pyromancer
   791 | D        | Killed a deep elf pyromancer
   791 | D        | Killed a deep elf zephyrmancer
   792 | D        | Reached skill level 10 in Armour
   792 | D        | Found a transporter.
   797 | D        | Killed a +0 vorpal dire flail
   798 | D        | Reached XP level 12. HP: 96/108 MP: 11/22
   860 | D        | Entered arena 12.
   860 | D        | Noticed a vault guard
   860 | D        | Noticed a vault guard
   860 | D        | Noticed a stone giant
   860 | D        | Noticed a vault guard
   860 | D        | Noticed a vault guard
   860 | D        | Noticed a vault guard
   860 | D        | Noticed a vault guard
   862 | D        | Reached skill level 14 in Invocations
   863 | D        | Identified the +8 hand axe of Quantum Leap {drain, rF+
                  | Dex+5 SInv}
   863 | D        | Noticed a vault guard
   864 | D        | Killed a vault guard
   864 | D        | Killed a vault guard
   864 | D        | Killed a stone giant
   864 | D        | Killed a vault guard
   865 | D        | Reached skill level 15 in Fighting
   865 | D        | Killed a vault guard
   865 | D        | Killed a vault guard
   865 | D        | Killed a vault guard
   865 | D        | Killed a vault guard
   868 | D        | Found a transporter.
   908 | D        | Entered arena 13.
   908 | D        | Noticed a blizzard demon
   908 | D        | Noticed Otoss the pandemonium lord
   909 | D        | Identified the +4 quarterstaff "Ustrutzuth" {flame, *Noise
                  | rC++ Str+2 Int+3}
   909 | D        | Noticed a demonspawn corrupter
   909 | D        | Noticed a blizzard demon
   911 | D        | Reached skill level 15 in Invocations
   911 | D        | Reached skill level 5 in Evocations
   916 | D        | Noticed a tentacled monstrosity
   916 | D        | Killed a demonspawn corrupter
   920 | D        | Noticed a tentacled monstrosity
   920 | D        | Killed a blizzard demon
   927 | D        | Killed a blizzard demon
   943 | D        | Noticed a tentacled monstrosity
   951 | D        | Noticed a large abomination
   965 | D        | Noticed a tentacled monstrosity
   965 | D        | Noticed a tentacled monstrosity
   965 | D        | Noticed a tentacled monstrosity
   969 | D        | Killed Otoss the pandemonium lord
   970 | D        | Reached skill level 15 in Shields
   970 | D        | Reached XP level 13. HP: 30/119 MP: 24/24
   972 | D        | Found a transporter.
  1286 | D        | Entered arena 14.
  1286 | D        | Noticed a stone giant
  1287 | D        | Noticed a vault guard
  1287 | D        | Noticed a stone giant
  1287 | D        | Noticed a shadow dragon
  1287 | D        | Noticed a vault guard
  1287 | D        | Found the +10 morningstar "Eos" {elec, Halo rElec}
  1287 | D        | Noticed a vault guard
  1287 | D        | Noticed a vault guard
  1287 | D        | Noticed a vault guard
  1288 | D        | Killed a vault guard
  1288 | D        | Noticed a shadow dragon
  1289 | D        | Reached skill level 16 in Invocations
  1289 | D        | Noticed a vault guard
  1290 | D        | Killed a stone giant
  1290 | D        | Noticed a vault guard
  1291 | D        | Killed a stone giant
  1291 | D        | Killed a vault guard
  1291 | D        | Killed a vault guard
  1292 | D        | Killed a shadow dragon
  1292 | D        | Killed a vault guard
  1293 | D        | Killed a vault guard
  1293 | D        | Killed a vault guard
  1295 | D        | Found a transporter.
  1313 | D        | Killed a shadow dragon
  1318 | D        | Killed a vault guard
  1377 | D        | Entered arena 15.
  1382 | D        | Reached skill level 17 in Invocations
  1383 | D        | Found a transporter.
  1422 | D        | Entered arena 16.
  1422 | D        | Noticed an ice dragon
  1423 | D        | Noticed a blizzard demon
  1423 | D        | Found the macabre finger necklace {rN+}
  1423 | D        | Noticed a blizzard demon
  1423 | D        | Noticed a blizzard demon
  1424 | D        | Killed a blizzard demon
  1425 | D        | Reached skill level 10 in Evocations
  1425 | D        | Reached XP level 14. HP: 124/130 MP: 17/26
  1426 | D        | Noticed a frost giant
  1428 | D        | Found a transporter.
  1428 | D        | Found the +3 Elemental Staff {rElec rF++ rC++ AC+5}
  1446 | D        | Killed a frost giant
  1477 | D        | Got the Handbook of the Harmful Glacier
  1482 | D        | Got the ring of Lokecehuwe {rCorr MP-9 Str+5 Int+6}
  1516 | D        | Entered arena 17.
  1518 | D        | Noticed a deep elf master archer
  1519 | D        | Noticed a stone giant
  1519 | D        | Identified the +3 glaive "Bubreiry" {vorpal, rN+}
  1519 | D        | Identified the +6 short sword "Ciogg" {speed, rF++ Int-4
                  | Dex+3}
  1520 | D        | Identified the ring of the Jackalope {Ice Contam rN+ Int+4
                  | Dex+4}
  1521 | D        | Killed a stone giant
  1522 | D        | Reached skill level 18 in Invocations
  1524 | D        | Found a transporter.
  1528 | D        | Killed a deep elf master archer
  1794 | D        | Entered arena 18.
  1796 | D        | Noticed an azure jelly
  1797 | D        | Killed an azure jelly
  1797 | D        | Noticed an azure jelly
  1797 | D        | Noticed a rockslime
  1798 | D        | Found the amulet of the Four Winds {rN+ Will+++ Clar}
  1799 | D        | Killed an azure jelly
  1815 | D        | Killed a rockslime
  1824 | D        | Found a transporter.
  2011 | D        | Got the Reference Book on Necromancy
  2017 | D        | Got the ring of Heryh {rPois Stlth+}
  2044 | D        | Entered arena 19.
  2046 | D        | Noticed a deep elf master archer
  2046 | D        | Identified the ring "Hucem" {rCorr Int+6 SInv}
  2046 | D        | Noticed a deep elf annihilator
  2047 | D        | Identified the ring "Oxug" {rPois Str+5}
  2047 | D        | Identified the +6 great mace "Qubomoe" {vorpal, *Rage Fly
                  | Str+3}
  2047 | D        | Noticed a deep elf sorcerer
  2048 | D        | Identified the +0 plate armour "Wovylom" {Int+3 SInv}
  2048 | D        | Noticed a deep elf blademaster
  2048 | D        | Killed a deep elf annihilator
  2048 | D        | Killed a deep elf sorcerer
  2049 | D        | Reached skill level 19 in Invocations
  2049 | D        | Killed a deep elf master archer
  2049 | D        | Killed a deep elf blademaster
  2050 | D        | Reached XP level 15. HP: 141/141 MP: 11/28
  2052 | D        | Found a transporter.
  2146 | D        | Got the Reference Book on Captivating Heat
  2158 | D        | Entered arena 20.
  2164 | D        | Identified the ring of Riqoxt {rF+ rN+ SInv}
  2168 | D        | Reached skill level 20 in Invocations
  2252 | D        | Found a transporter.
  2271 | D        | Got the ring "Totsioxt" {rC+ Will+ MP-9 Dex+3}
  2283 | D        | Entered arena 21.
  2293 | D        | Noticed a deep elf master archer
  2294 | D        | Noticed a deep elf blademaster
  2294 | D        | Killed a deep elf sorcerer
  2294 | D        | Noticed a deep elf master archer
  2295 | D        | Reached skill level 15 in Armour
  2295 | D        | Noticed a deep elf sorcerer
  2295 | D        | Noticed a deep elf master archer
  2295 | D        | Noticed a deep elf blademaster
  2295 | D        | Identified the +3 leather armour of Cheibriados's Fury
                  | {Contam rElec rCorr Stlth+}
  2295 | D        | Noticed a deep elf sorcerer
  2296 | D        | Killed a deep elf blademaster
  2296 | D        | Killed a deep elf sorcerer
  2296 | D        | Killed a deep elf master archer
  2296 | D        | Killed a deep elf blademaster
  2296 | D        | Killed a deep elf master archer
  2296 | D        | Killed a deep elf master archer
  2297 | D        | Reached skill level 22 in Invocations
  2297 | D        | Reached skill level 15 in Evocations
  2298 | D        | Found a transporter.
  2298 | D        | Noticed a deep elf master archer
  2301 | D        | Killed a deep elf sorcerer
  2301 | D        | Killed a deep elf master archer
  2417 | D        | Got Sif Muna's Catalogue of Dusty Fire
  2439 | D        | Entered arena 22.
  2445 | D        | Noticed an Orb Guardian
  2446 | D        | Noticed an Orb Guardian
  2446 | D        | Noticed an Orb Guardian
  2446 | D        | Noticed an Orb Guardian
  2447 | D        | Noticed an Orb Guardian
  2447 | D        | Noticed an Orb Guardian
  2447 | D        | Noticed an Orb Guardian
  2447 | D        | Noticed a quicksilver dragon
  2448 | D        | Killed an Orb Guardian
  2448 | D        | Killed an Orb Guardian
  2448 | D        | Killed an Orb Guardian
  2448 | D        | Killed a quicksilver dragon
  2448 | D        | Killed an Orb Guardian
  2449 | D        | Reached skill level 24 in Invocations
  2449 | D        | Reached XP level 16. HP: 151/155 MP: 22/32
  2450 | D        | Noticed a golden dragon
  2451 | D        | Identified the ring of Nihilism {rPois rC+ rN+ Int+2 Dex+3}
  2453 | D        | Noticed a storm dragon
  2455 | D        | Killed an Orb Guardian
  2455 | D        | Noticed a storm dragon
  2457 | D        | Killed an Orb Guardian
  2461 | D        | Noticed an Orb Guardian
  2466 | D        | Killed an Orb Guardian
  2470 | D        | Killed a storm dragon
  2475 | D        | HP: 2/157 [golden dragon (22)]
  2475 | D        | Mangled by an Orb Guardian

Illustrated notes

Levels and vault maps discovered:
D:        sprint_v [room_start, room_1, room_2, room_3, room_4, room_5, room_6,
          room_7, room_8, room_9, room_10, room_11, room_12, room_13, room_14,
          room_15, room_16, room_17, room_18, room_19, room_20, room_21,
          room_22, room_23, room_24, room_25, room_26, room_27]

Skill      XL: |  1  2  3  4  5  6  7  8  9 10 11 12 13 14 15 16 |
---------------+-------------------------------------------------+-----
Fighting       | 4 5 6 7 8 9 11 13 14 16 18 19 22 23 | 23.1
Polearms       | 4 5 6 7 8 10 11 12 | 12.0
Armour         | 3 4 5 6 7 9 10 11 12 14 16 | 16.8
Dodging        | 3 4 5 6 7 8 10 12 14 16 18 20 22 23 | 23.5
Shields        | 4 5 6 7 8 9 11 13 15 16 18 19 | 19.0
Invocations    | 3 4 5 6 7 8 10 12 13 15 17 19 24 | 24.9
Evocations     | 7 10 13 16 17 | 17.4

Action                   |  1- 3 |  4- 6 |  7- 9 | 10-12 | 13-15 | 16-18 || total
-------------------------+-------+-------+-------+-------+-------+-------++-------
Melee: Lance             |     9 |    32 |    46 |    69 |    48 |    23 ||   227
Invok: Elemental Force   |       |       |     1 |       |       |       ||     1
       Upheaval          |       |       |     1 |       |       |       ||     1
       Disaster Area     |       |       |       |    13 |    17 |       ||    30
Evoke: Tin of tremorston |       |       |       |     2 |     5 |       ||     7
       Condenser vane    |       |       |       |     2 |     3 |       ||     5
  Use: Potion            |     1 |       |       |     5 |       |     3 ||     9
       Scroll            |       |       |       |     5 |     4 |       ||     9
Armor: Gold dragon scale |    11 |     6 |     9 |    43 |    18 |    23 ||   110
Dodge: Repelled          |       |       |       |     2 |     3 |     2 ||     7
       Dodged            |       |       |       |    17 |    15 |    26 ||    58
Block: Kite shield       |    19 |    35 |    59 |   162 |    75 |    66 ||   416
       Rpst.: Lance      |       |       |       |    55 |    12 |    35 ||   102

Table legend: (Time is in decaauts)
 A = Elapsed time spent in this place.
 B = Non-inter-level travel time spent in this place.
 C = Inter-level travel time spent in this place.
 D = Time resting spent in this place.
 E = Time spent auto-exploring this place.
 F = Levels seen in this place.
 G = Mean time per level.
                   A        B        C        D        E       F      G
               +--------+--------+--------+--------+--------+-----+--------+
         Total |   2385 |   2373 |     12 |   1486 |      0 |   1 | 2385.0 |
       Dungeon |   2385 |   2373 |     12 |   1486 |      0 |   1 | 2385.0 |
               +--------+--------+--------+--------+--------+-----+--------+

Top non-repeatable levels by time:
       D: 2385 daAuts
